 Dungeon Crawl Stone Soup version 0.29.1-2-gbd0b4ee654 (webtiles) character file.

Game seed: 589713948812881546

91 GorkyZ the Chopper (level 4, -11/27 HPs)
             Began as a Gargoyle Gladiator on Nov 30, 2022.
             Killed by divine providence
             ... invoked by an orc priest
              (16 damage)
             ... on level 3 of the Dungeon.
             The game lasted 00:03:41 (1278 turns).

GorkyZ the Chopper (Gargoyle Gladiator)             Turns: 1278, Time: 00:03:42

Health: -11/27     AC: 15    Str: 19    XL:     4   Next: 57%
Magic:  4/4        EV:  8    Int:  9    God:
Gold:   172        SH:  0    Dex: 11    Spells: 3/3 levels left

rFire   . . .      SeeInvis .   i - +1 hand axe (vorpal)
rCold   . . .      Faith    .   (no shield)
rNeg    + . .      Spirit   .   j - +0 chain mail
rPois   ∞          Reflect  .   c - +0 helmet
rElec   +          Harm     .   k - +1 cloak
rCorr   .          Rampage  .   (no gloves)
Will    .....                   (no boots)
Stlth   ..........              (no amulet)
HPRegen 0.09/turn               (no ring)
MPRegen 0.09/turn               (no ring)

@: no status effects
A: sickness immunity, AC +3, negative energy resistance 1, electricity
resistance, torment resistance 1, petrification resistance
a: no special abilities


You were on level 3 of the Dungeon.
You visited 1 branch of the dungeon, and saw 3 of its levels.

You collected 172 gold pieces.

Inventory:

Hand Weapons
 a - a +0 war axe
 i - a +1 vorpal hand axe (weapon)
Missiles
 d - 3 throwing nets (quivered)
 e - a javelin
Armour
 b - a +0 leather armour
 c - a +0 helmet (worn)
 j - a +0 chain mail (worn)
 k - a +1 cloak (worn)
Scrolls
 f - 2 scrolls of identify {unknown}
 g - 2 scrolls of fog {unknown}
 h - a scroll of vulnerability {unknown}
 l - a scroll of amnesia {unknown}
 m - a scroll of noise {unknown}
 o - a scroll of poison {unknown}
Potions
 n - a potion of mutation {unknown}
 p - a potion of flight {unknown}


   Skills:
 + Level 2.7 Fighting
 + Level 3.1 Axes
 + Level 2.2 Throwing
 + Level 1.5 Armour
 + Level 2.7 Dodging
 + Level 1.3 Shields
 + Level 1.1 Evocations


You had 3 spell levels left.
You didn't know any spells.
Your spell library contained the following spells:

 Spells                   Type           Power      Damage    Failure   Level
 Cause Fear               Hex            0%         N/A       100%        4
 Dragon Form              Tmut           0%         N/A       100%        7
 Dragon's Call            Summ           0%         N/A       100%        9


Dungeon Overview and Level Annotations

Branches:
Dungeon (3/15)

Altars:

Shops:
D:1 :   D:2 (

Annotations:
D:3 Robin


Innate Abilities, Weirdness & Mutations

You are immune to sickness and miasma.
Your stone body is resilient. (AC +3)
You are immune to poison.
You resist negative energy. (rN+)
You are resistant to electric shocks. (rElec)
You are resistant to unholy torment.
You are immune to petrification.


Message History

You barely miss the goblin. You hit the goblin.
You kill the goblin!
You hit the hobgoblin. You closely miss the goblin.
The goblin hits you but does no damage.
The hobgoblin hits you but does no damage.
The goblin hits you but does no damage. x2; Robin throws the goblin at you!
The hobgoblin hits you but does no damage.
The goblin hits you with a +0 club. Robin closely misses you.
The goblin closely misses you. The goblin hits you but does no damage.
The orc hits you but does no damage. The goblin attacks as you move away!
The goblin barely misses you.
The orc hits you but does no damage. x2; The goblin barely misses you.
The goblin hits you with a +0 dagger. Robin throws the goblin at you!
Things that are here:
a +0 club; a +0 dagger; a +0 club The goblin attacks as you move away!
The goblin hits you but does no damage. The orc attacks as you move away!
The orc hits you with a +0 dagger. The goblin closely misses you.
The orc priest begins to cast a cantrip, but forgets the words!
The orc barely misses you. Robin closely misses you.
You hit the orc priest but do no damage.
You hit the orc. You hit Robin but do no damage. You hit the hobgoblin.
You barely miss the goblin.
The orc hits you from afar with a +0 trident.
Robin closely misses you. The orc hits you but does no damage.
The hobgoblin hits you.
* * * LOW HITPOINT WARNING * * *
You slash the orc priest!
The orc priest is severely wounded.
You closely miss the hobgoblin. You closely miss the goblin.
You barely miss the goblin. You hit the orc.
You kill the orc!
You hit the orc. You hit Robin but do no damage. The hobgoblin hits you.
* * * LOW HITPOINT WARNING * * *
The orc closely misses you. The orc hits you but does no damage.
The goblin barely misses you. The goblin hits you but does no damage.
The orc priest calls down the wrath of Beogh upon you.
Beogh smites you!
Ouch! That really hurt!
You die...

#########
#........
#..(..... ###
#........
....###oo......
#..g@g......
#.#g)go.....
#.g)......
#<.)......
##.....♣P♣
#....~♣ P
#...♣♣~~ #..♣♣
~♣~ #..♣


P You could see Robin, an orc priest, 2 orcs, a hobgoblin (strong) and 3
goblins.

Vanquished Creatures
  5 adders (D:2)
  An ufetubus (D:2)
  An orc (D:3)
  3 endoplasms
  2 giant cockroaches (D:2)
  9 goblins
  2 hobgoblins
  4 jackals (D:1)
  6 ball pythons
  2 bats
  3 kobolds
  2 rats
40 creatures vanquished.

Notes
Turn   | Place    | Note
-------+----------+-------------------------------------------
     0 | D:1      | GorkyZ the Gargoyle Gladiator began the quest for the Orb.
     0 | D:1      | Reached XP level 1. HP: 12/12 MP: 1/1
    45 | D:1      | Reached XP level 2. HP: 14/17 MP: 2/2
   290 | D:1      | Found Duketi's Book Shoppe.
   313 | D:1      | Reached skill level 1 in Armour
   704 | D:2      | Reached XP level 3. HP: 18/22 MP: 3/3
   795 | D:2      | Reached skill level 1 in Shields
   987 | D:2      | Reached skill level 3 in Axes
  1025 | D:2      | Reached XP level 4. HP: 27/27 MP: 4/4
  1029 | D:2      | Reached skill level 1 in Evocations
  1197 | D:2      | Found Cuzxi's Weapon Boutique.
  1266 | D:3      | Noticed Robin
  1278 | D:3      | Killed from afar by an orc priest

Illustrated notes

Levels and vault maps discovered:
D:1:      dpeg_arrival_rooms_a, layout_rooms, serial_shops, nicolae_shop_crystal
D:2:      layout_basic, serial_shops, shop, ebering_dispersal_statue_hall
D:3:      layout_basic, mainiacjoe_overflow_surrounded_room,
          nicolae_ashenzari_skybound, nicolae_tso_besieged_by_evil,
          serial_bayou_ford_a, serial_bayou_lake_a, uniq_robin

Skill      XL: |  1  2  3  4 |
---------------+-------------+-----
Armour         | 1 |  1.5
Throwing       | 2 |  2.2
Shields        | 1 |  1.3
Axes           | 3 |  3.1
Evocations     | 1 |  1.1
Fighting       | |  2.7
Dodging        | |  2.7

Action                   |  1- 3 |  4- 6 || total
-------------------------+-------+-------++-------
Melee: War axe           |    17 |       ||    17
       Hand axe          |    40 |    36 ||    76
Armor: Leather armour    |    22 |       ||    22
       Chain mail        |    27 |    41 ||    68
Dodge: Dodged            |    41 |    27 ||    68
